 Dungeon Crawl Stone Soup version 0.31.0-1-g2c135a008e (webtiles) character file.

Game seed: 5238167360141737509

4074 qw the Skirmisher (level 10, 0/73 HPs)
             Began as a Djinni Hunter on Jan 24, 2024.
             Was a Follower of Okawaru.
             Killed from afar by an electric eel (7 damage)
             ... with a bolt of electricity
             ... on level 9 of the Dungeon.
             The game lasted 00:00:36 (7308 turns).

qw the Skirmisher (Djinni Hunter)                   Turns: 7308, Time: 00:00:36

Health: 0/73       AC:  7    Str: 10    XL:     10   Next: 49%
Gold:   291        EV: 21    Int: 10    God:    Okawaru [*.....] SH:  0 Dex: 27

rFire   + + .        q - +0 orcbow
rCold   x . .        (shield currently unavailable)
rNeg    . . .        d - +1 robe "Hadar" {Dex+5}
rPois   inf          g - +2 hat
rElec   .            j - +0 cloak
rCorr   +            n - +0 pair of gloves
SInv    .            (boots unavailable)
Will    +....        e - amulet of faith
Stlth   ++           a - ring of resist corrosion
HPRegen 0.32/turn    (no ring)
MPRegen 0.00/turn

%: faith, infuse magic (-1 HP)
@: mighty, flying
A: sickness immunity, fire resistance 2, cold vulnerability 1, float, innate
caster, HP casting, extra vitality 1, sturdy frame 1
a: Renounce Religion, Heroism


You were on level 9 of the Dungeon.
You worshipped Okawaru.
Okawaru was aware of your devotion.
You visited 2 branches of the dungeon, and saw 10 of its levels.

You collected 336 gold pieces.
You spent 45 gold pieces at shops.


Innate Abilities, Weirdness & Mutations

You are immune to sickness and miasma.
You are immune to poison.
Your flesh is very heat resistant. (rF++)
You are vulnerable to cold. (rC-)
You float through the air rather than walking.
You learn spells naturally, not from books.
Your magical power is your life essence.
You have superior vitality. (+4 MHP)
Your movements are slightly less encumbered by armour. (ER -2)


   Skills:
 + Level 6.7 Fighting
 - Level 9.1 Ranged Weapons
 - Level 1.1 Armour
 - Level 9.0 Dodging
 - Level 0.7 Stealth
 + Level 2.0 Invocations


You knew the following spells:

 Your Spells              Type           Power      Damage    Failure   Level
a - Slow                  Hex            0%         N/A       36%         1
b - Mercury Vapours       Alch/Air       0%         N/A       50%         2
c - Blink                 Tloc           0%         N/A       50%         2
d - Vampiric Draining     Necr           0%         2d6       75%         3
Your spell library was empty.

Inventory:

Hand Weapons
 q - a +0 orcbow (weapon)
Armour
 d - the +1 robe "Hadar" (worn) {Dex+5}
   (You found it on level 2 of the Dungeon)

   Dex+5:     It affects your dexterity (+5).
 g - a +2 hat (worn)
 j - a +0 cloak (worn)
 n - a +0 pair of gloves (worn)
Jewellery
 a - a ring of resist corrosion (left hand)
 e - an amulet of faith (around neck)
 o - the ring "Dest" {Fire rN+ Will- Str+3}
   (You found it on level 5 of the Dungeon)

   [ring of fire]

   Fire:      It enhances your fire magic.
   Str+3:     It affects your strength (+3).
   rF+:       It protects you from fire.
   rC-:       It makes you vulnerable to cold.
   rN+:       It protects you from negative energy.
   Will-:     It decreases your willpower.
Wands
 i - a wand of digging (4)
Potions
 b - a potion of enlightenment
 c - a potion of cancellation
 f - a potion of haste
 h - a potion of might
 m - a potion of curing

Dungeon Overview and Level Annotations

Branches:
Dungeon (9/15)             Temple (1/1) D:7
   Lair: D:8-11         Orc: D:9-12

Altars:
Ashenzari
Cheibriados
Dithmenos
Elyvilon
Fedhas
Gozag
Hepliaklqana
Makhleb
Nemelex Xobeh
Okawaru
Qazlal
Ru
Trog
Uskayaw
Wu Jian
Xom
Zin

Shops:
D:4 ([=

Annotations:
D:3 3 runed translucent doors, qw's ghost, amateur GrHu
D:5 3 runed translucent doors, qw's ghost, novice GrHu
D:9 exclusion: 2 electric eels


Message History

You shoot an arrow.
The arrow barely misses the electric eel.
The arrow hits the plant.
The plant begins to die.
The plant is lightly damaged.
The electric eel shoots out a bolt of lightning at you!
The bolt of electricity hits you. The bolt of electricity hits you!
The bolt of electricity hits the electric eel.
The electric eel completely resists.
Enter note:
Enter note:
Enter note:
Enter note: The electric eel shoots out a bolt of lightning at you!
The bolt of electricity hits you!
The bolt of electricity hits the plant!
The plant begins to die.
Enter note:
Enter note:
Enter note: A nearby plant withers and dies.
Enter note: The electric eel shoots out a bolt of lightning at you!
The bolt of electricity hits the plant!
The bolt of electricity hits you!
The bolt of electricity hits the plant!
The plant begins to die.
Enter note: You shoot an arrow.
The arrow hits the plant!
The plant is lightly damaged.
A nearby plant withers and dies.
You shoot an arrow. The arrow hits the plant!
The plant is moderately damaged.
You shoot an arrow. The arrow hits the plant!
The plant is moderately damaged.
You shoot an arrow. The arrow hits the plant!!
The plant is moderately damaged.
You shoot an arrow. The arrow hits the plant!
The plant is moderately damaged.
A nearby plant withers and dies.
Enter note: The electric eel shoots out a bolt of lightning at you!
The bolt of electricity hits you!
You die...

..######..####~PP.##
##### ##.....~~~~PP
# ....# ###..~~~~~7
.# ....# #..~~7777
PP## ....+ #..~77
7~P.# ....#
#.P~~7777~~P.# ....#
+.~PS7PPP~~P.. ....#
#..~~.~P~P~# #####
#..)..@PP.##
#......P~##
##########


You could see an electric eel.

Vanquished Creatures
  Pikel (D:5)
  A hornet (D:9)
  Grinder (D:4)
  Sigmund (D:5)
  4 yaks (D:8)
  2 steam dragons (D:6)
  2 water moccasins
  A black bear (D:6)
  An ice beast (D:7)
  3 sky beasts
  An ogre (D:5)
  3 centaurs
  A lemure (D:5)
  2 kobold brigands
  2 bullfrogs (D:8)
  A scorpion (D:2)
  2 jellies (D:6)
  2 howler monkeys (D:8)
  3 bombardier beetles
  4 hounds
  2 orc priests
  A gnoll bouda (D:6)
  7 orc wizards
  2 iguanas
  4 gnolls (D:6)
  6 adders
  4 white imps
  2 ribbon worms (D:3)
  3 dart slugs (D:1)
  20 orcs
  10 bats
  7 endoplasms
  2 giant cockroaches
  5 goblins
  6 hobgoblins
  7 jackals
  4 quokkas
  10 ball pythons
  A frilled lizard (D:3)
  A jackal zombie (D:9)
  18 kobolds
  5 rats
165 creatures vanquished.

Notes
Turn   | Place    | Note
-------+----------+-------------------------------------------
     0 | D:1      | qw the Djinni Hunter began the quest for the Orb.
     0 | D:1      | Reached XP level 1. HP: 18/18 MP: 0/0
     0 | D:1      | 0 ||| qw: Version: 0.3-a-136-gdd3b4e8
     0 | D:1      | 0 ||| qw: Game counter: 1245
     0 | D:1      | 0 ||| qw: Melee chars always use a shield: true
     0 | D:1      | 0 ||| qw: God list: Okawaru
     0 | D:1      | 0 ||| qw: Allow faded altars: false
     0 | D:1      | 0 ||| qw: Do Orc after clearing Dungeon:15 true
     0 | D:1      | 0 ||| qw: Do second Lair branch before Depths: true
     0 | D:1      | 0 ||| qw: Lair rune preference: random
     0 | D:1      | 0 ||| qw: Goals: Normal
     0 | D:1      | 0 ||| PLANNING D:1-11
    64 | D:1      | Reached XP level 2. HP: 23/23 MP: 0/0
   494 | D:1      | Reached XP level 3. HP: 28/28 MP: 0/0
   494 | D:1      | Learned a level 1 spell: Slow
   868 | D:1      | 868 ||| UPGRADING to +2 hat.
   873 | D:1      | 873 ||| READING scroll labelled REEDDY OSOKK.
   874 | D:1      | 874 ||| READING scroll labelled AMPUTZ GAJAUZ.
   975 | D:1      | 975 ||| READING scroll labelled NALUL NAOTTASO.
   976 | D:1      | 976 ||| READING scroll labelled QEALYN IF SAWEGY.
   976 | D:1      | 976 ||| ENCHANTING +0 shortbow.
   977 | D:1      | 977 ||| DROPPING scroll of butterflies.
  1024 | D:2      | 1024 ||| RETREEEEATING.
  1026 | D:2      | 1026 ||| FLEEEEING.
  1027 | D:2      | 1027 ||| FLEEEEING.
  1028 | D:2      | 1028 ||| FLEEEEING.
  1029 | D:2      | 1029 ||| FLEEEEING.
  1030 | D:2      | 1030 ||| FLEEEEING.
  1067 | D:2      | Identified the +1 robe "Hadar" {Dex+5}
  1084 | D:2      | Noticed a scorpion
  1097 | D:2      | Killed a scorpion
  1098 | D:2      | Reached skill level 3 in Fighting
  1098 | D:2      | Reached XP level 4. HP: 24/37 MP: 0/0
  1098 | D:2      | Reached XP level 5. HP: 27/41 MP: 0/0
  1098 | D:2      | Learned a level 2 spell: Mercury Vapours
  1402 | D:2      | Reached skill level 3 in Dodging
  1407 | D:2      | Found a faded altar of an unknown god.
  1734 | D:2      | 1734 ||| UPGRADING to +1 robe "Hadar" {Dex+5}.
  1744 | D:2      | 1744 ||| DROPPING +0 leather armour.
  1745 | D:2      | 1745 ||| DROPPING scarf of harm.
  1746 | D:2      | 1746 ||| UPGRADING to amulet of faith.
  1751 | D:2      | 1751 ||| READING scroll labelled CEPRUO JUEVEF.
  1763 | D:3      | Found a runed translucent gate.
  1763 | D:3      | Found a runed translucent gate.
  1763 | D:3      | Found a runed translucent gate.
  1767 | D:3      | Noticed qw's ghost (amateur GrHu)
  1767 | D:3      | Identified the +6 ring mail of the Other World {^Contam
                  | rElec Slay+4 SInv}
  1952 | D:3      | Found an opulent altar of Gozag.
  2025 | D:3      | Identified the +6 scale mail "Uwne" {+Inv rF+ Will+ Regen+}
  2068 | D:3      | Found a glowing silver altar of Zin.
  2174 | D:3      | 2174 ||| READING 3 scrolls labelled ORCHAU BEIPLOKH.
  2175 | D:3      | 2175 ||| DRINKING 2 clear potions.
  2281 | D:3      | 2281 ||| DRINKING 2 purple potions.
  2282 | D:3      | 2282 ||| DROPPING potion of berserk rage.
  2283 | D:3      | 2283 ||| DROPPING potion of attraction.
  2284 | D:3      | 2284 ||| DROPPING 2 scrolls of immolation.
  2321 | D:4      | Reached XP level 6. HP: 38/47 MP: 0/0
  2506 | D:4      | Found Heoxt's Jewellery Shop.
  2514 | D:4      | Found Vascha's Armour Emporium.
  2515 | D:4      | 2515 ||| SHOPLISTING +4 ring of protection (504 gold, have
                  | 130).
  2515 | D:4      | 2515 ||| SHOPLISTING +4 ring of slaying (1092 gold, have
                  | 130).
  2515 | D:4      | 2515 ||| SHOPLISTING amulet of reflection (420 gold, have
                  | 130).
  2515 | D:4      | 2515 ||| SHOPLISTING ring "Acwatox" {rC++ rCorr Str+6 Dex-2
                  | Slay+4} (1101 gold, have 130).
  2515 | D:4      | 2515 ||| SHOPLISTING ring of ice (350 gold, have 130).
  2515 | D:4      | 2515 ||| SHOPLISTING ring of positive energy (280 gold,
                  | have 130).
  2522 | D:4      | 2522 ||| BUYING +0 cloak (45 gold).
  2522 | D:4      | Bought a +0 cloak for 45 gold pieces
  2522 | D:4      | 2522 ||| SHOPLISTING +0 ring mail of fire resistance (110
                  | gold, have 85).
  2522 | D:4      | 2522 ||| SHOPLISTING +0 swamp dragon scales (500 gold, have
                  | 85).
  2562 | D:4      | Found Viothrya's Antique Weapon Boutique.
  2563 | D:4      | Found a bloodstained altar of Trog.
  2585 | D:4      | Noticed Grinder
  2591 | D:4      | Paralysed by Grinder for 4 turns
  2599 | D:4      | Killed Grinder
  2600 | D:4      | Reached XP level 7. HP: 49/51 MP: 0/0
  2600 | D:4      | Learned a level 2 spell: Blink
  2889 | D:4      | 2889 ||| UPGRADING to +0 cloak.
  2894 | D:4      | 2894 ||| READING 3 scrolls labelled VOENAU NIHUCSOOSCH.
  2895 | D:4      | 2895 ||| READING scroll labelled XYJOF MOUWNIPP.
  2895 | D:4      | 2895 ||| IDENTIFYING pink potion
  2896 | D:4      | 2896 ||| DROPPING 2 scrolls of fog.
  2921 | D:5      | Entered Level 5 of the Dungeon
  2988 | D:5      | Identified the +1 dagger "Awum" {venom, Int+2}
  3003 | D:5      | Found a runed translucent gate.
  3003 | D:5      | Found a runed translucent gate.
  3006 | D:5      | Found a runed translucent gate.
  3019 | D:5      | Noticed qw's ghost (novice GrHu)
  3094 | D:5      | Identified the ring "Dest" {Fire rN+ Will- Str+3}
  3189 | D:5      | Noticed Sigmund
  3194 | D:5      | Killed Sigmund
  3195 | D:5      | Reached skill level 6 in Ranged Weapons
  3195 | D:5      | Reached XP level 8. HP: 58/58 MP: 0/0
  3474 | D:5      | 3474 ||| SWAPPING to +0 orcbow.
  3484 | D:5      | Reached skill level 6 in Dodging
  3484 | D:5      | 3484 ||| DROPPING +1 shortbow.
  3530 | D:5      | Noticed Pikel
  3531 | D:5      | 3531 ||| RETREEEEATING.
  3532 | D:5      | 3532 ||| RETREEEEATING.
  3534 | D:5      | 3534 ||| RETREEEEATING.
  3536 | D:5      | 3536 ||| RETREEEEATING.
  3546 | D:5      | Killed Pikel
  3843 | D:5      | 3843 ||| READING scroll of identify.
  3843 | D:5      | 3843 ||| IDENTIFYING bubbling ruby potion
  3844 | D:5      | 3844 ||| READING scroll labelled XIPRUMIA GUBB.
  3845 | D:5      | 3845 ||| READING scroll labelled QOSUIN GELOUTASM.
  3846 | D:5      | 3846 ||| READING scroll labelled QIVETR OCRAESUR.
  3947 | D:5      | 3947 ||| DRINKING 2 amethyst potions.
  3948 | D:5      | 3948 ||| DRINKING 2 fuming silvery potions.
  3948 | D:5      | Gained mutation: You have a pair of small horns on your
                  | head. [potion of mutation]
  3949 | D:5      | 3949 ||| DRINKING potion of mutation.
  3949 | D:5      | Lost mutation: You have a pair of small horns on your head.
                  | [potion of mutation]
  3949 | D:5      | Gained mutation: Your movements are slightly less
                  | encumbered by armour. (ER -2) [potion of mutation]
  3950 | D:5      | 3950 ||| DROPPING potion of lignification.
  3951 | D:5      | 3951 ||| DROPPING potion of degeneration.
  4013 | D:6      | Reached XP level 9. HP: 62/64 MP: 0/0
  4013 | D:6      | Learned a level 3 spell: Vampiric Draining
  4101 | D:6      | Reached skill level 1 in Armour
  4374 | D:6      | 4374 ||| DRINKING coppery potion.
  4377 | D:6      | 4377 ||| FLEEEEING.
  4378 | D:6      | 4378 ||| FLEEEEING.
  4381 | D:6      | 4381 ||| FLEEEEING.
  4382 | D:6      | 4382 ||| FLEEEEING.
  4383 | D:6      | 4383 ||| FLEEEEING.
  4384 | D:6      | 4384 ||| FLEEEEING.
  4611 | D:6      | 4611 ||| RETREEEEATING.
  4871 | D:6      | Reached skill level 6 in Fighting
  5062 | D:6      | Found a stormy altar of Qazlal.
  5213 | D:6      | 5213 ||| UPGRADING to ring of resist corrosion.
  5214 | D:6      | 5214 ||| DRINKING 2 grey potions.
  5358 | D:7      | Found a staircase to the Ecumenical Temple.
  5359 | D:7      | 5359 ||| PLANNING TEMPLE
  5368 | Temple   | Entered the Ecumenical Temple
  5369 | Temple   | 5369 ||| PLANNING D:1-11
  5417 | D:7      | Reached XP level 10. HP: 66/72 MP: 0/0
  5633 | D:7      | Found a sparkling altar of Nemelex Xobeh.
  5648 | D:7      | Found an iron altar of Okawaru.
  5649 | D:7      | 5649 ||| PLANNING OKAWARU WORSHIP
  5655 | D:7      | Became a worshipper of Warmaster Okawaru
  5656 | D:7      | 5656 ||| PLANNING D:1-11
  6255 | D:8      | 6255 ||| RETREEEEATING.
  6258 | D:8      | 6258 ||| RETREEEEATING.
  6260 | D:8      | 6260 ||| RETREEEEATING.
  6262 | D:8      | 6262 ||| RETREEEEATING.
  6275 | D:8      | Reached skill level 9 in Ranged Weapons
  6285 | D:8      | Reached skill level 9 in Dodging
  6289 | D:8      | Reached * piety under Okawaru
  6482 | D:8      | Found a white marble altar of Elyvilon.
  6536 | D:8      | Reached skill level 1 in Invocations
  6710 | D:8      | 6710 ||| DRINKING 2 potions of curing.
  6710 | D:8      | 6710 ||| (to cure confusion)
  7060 | D:8      | 7060 ||| UPGRADING to +0 pair of gloves.
  7065 | D:8      | 7065 ||| READING 4 scrolls of identify.
  7065 | D:8      | 7065 ||| IDENTIFYING inky potion
  7066 | D:8      | 7066 ||| READING 3 scrolls of identify.
  7066 | D:8      | 7066 ||| IDENTIFYING bubbling pink potion
  7067 | D:8      | 7067 ||| READING 2 scrolls of identify.
  7067 | D:8      | 7067 ||| IDENTIFYING metallic coppery potion
  7068 | D:8      | 7068 ||| DROPPING potion of invisibility.
  7069 | D:8      | 7069 ||| DROPPING potion of ambrosia.
  7278 | D:9      | Found a sacrificial altar of Ru.
  7288 | D:9      | 7288 ||| READING scroll of identify.
  7288 | D:9      | 7288 ||| IDENTIFYING lumpy ruby potion
  7289 | D:9      | 7289 ||| DRINKING 2 fizzy brown potions.
  7290 | D:9      | 7290 ||| DROPPING potion of brilliance.
  7298 | D:9      | HP: 13/73 [electric eel/bolt of electricity (13)]
  7301 | D:9      | HP: 4/73 [electric eel/bolt of electricity (10)]
  7308 | D:9      | Killed from afar by an electric eel

Levels and vault maps discovered:
D:1:      minmay_arrival_solitary_statue, layout_basic, minmay_misc_feat_encased
D:2:      layout_basic, nicolae_ecumenical_snake_handling, st_stairs_6,
          grunt_decor_resistance
D:3:      layout_rooms, pdpol_temple_overflow_zin_treasury_gozag_greed,
          biasface_ghost_orc_armoury
D:4:      layout_cave_pools, mainiacjoe_overflow_chevrons, serial_shops, shop,
          shop, nicolae_shop_gaudy_bauble, uniq_grinder
D:5:      layout_loops_ring, gammafunk_ghost_necromancy, uniq_pikel,
          uniq_sigmund
D:6:      layout_gridville, nicolae_qazlal_eye_of_the_storm, grunt_ministairs_14
D:7:      layout_loops_corners, nicolae_overflow_macrodata_refinement,
          minmay_temple_entry_junction
D:8:      layout_loops_corners, elyvilon_altar_5, st_stairs_2
D:9:      layout_roguey [special_room_orc], mainiacjoe_overflow_brackets,
          dk_yredelemnul_ordeal, tso_metal_star, serial_bayou,
          serial_bayou_crossing, serial_bayou_pond_c, serial_bayou_pond_e,
          serial_bayou_pond_e
Temple:   nicolae_temple_two_arcs

Skill      XL: |  1  2  3  4  5  6  7  8  9 10 |
---------------+-------------------------------+-----
Ranged Weapons | 4 5 6 7 8 9 |  9.1
Fighting       | 3 4 6 |  6.7
Dodging        | 4 5 6 8 9 |  9.0
Armour         | 1 |  1.1
Invocations    | 2 |  2.0
Stealth        | |  0.7

Action                     |  1- 3 |  4- 6 |  7- 9 | 10-12 || total
---------------------------+-------+-------+-------+-------++-------
   Fire: Shortbow          |    77 |   165 |    44 |       ||   286
         Orcbow            |       |       |   199 |   111 ||   310
    Use: Scroll            |     4 |     2 |     6 |     4 ||    16
         Potion            |       |     2 |     5 |     2 ||     9
 Armour: Leather armour    |    34 |    24 |       |       ||    58
         Robe              |       |    30 |    75 |    28 ||   133
  Dodge: Dodged            |    31 |    72 |   102 |    46 ||   251

Table legend:
 A = Non-vault XP
 B = Vault XP
 C = Vault XP percentage of total XP
 D = Non-vault monster count
 E = Vault monster count
 F = Vault count percentage of total count
                 A         B        C        D         E       F
            +---------+---------+-------+---------+---------+-------
      Total |    4405 |    1415 |  24.3 |     145 |      19 |  11.6
            +---------+---------+-------+---------+---------+-------
        D:1 |      34 |       0 |   0.0 |      17 |       0 |   0.0
        D:2 |     141 |      34 |  19.4 |      19 |       7 |  26.9
        D:3 |      44 |       0 |   0.0 |      23 |       0 |   0.0
        D:4 |      72 |     272 |  79.1 |      13 |       1 |   7.1
        D:5 |     428 |     872 |  67.1 |      12 |       2 |  14.3
        D:6 |    1489 |     111 |   6.9 |      29 |       6 |  17.1
        D:7 |     565 |       0 |   0.0 |      13 |       0 |   0.0
        D:8 |    1233 |     125 |   9.2 |      12 |       2 |  14.3
        D:9 |     399 |       1 |   0.2 |       7 |       1 |  12.5
            +---------+---------+-------+---------+---------+-------
